 Dungeon Crawl Stone Soup version 0.22.0-49-gab54619 (webtiles) character file.

94 Loudmushroom the Covered (level 4, 0/29 HPs)
             Began as a Gargoyle Fighter on Sept 5, 2018.
             Slain by a gnoll
             ... wielding a +0 spear
              (5 damage)
             ... on level 2 of the Dungeon.
             The game lasted 00:04:36 (1048 turns).

Loudmushroom the Covered (Gargoyle Fighter)         Turns: 1048, Time: 00:04:37

Health: 0/29       AC: 10    Str: 21    XL:     4   Next: 63%
Magic:  4/4        EV:  7    Int:  8    God:
Gold:   44         SH:  9    Dex:  9    Spells: 3/3 levels left

rFire    . . .     SeeInvis .   a - +0 war axe
rCold    . . .     Gourm    .   c - +0 shield
rNeg     + . .     Faith    .   b - +0 scale mail
rPois    ∞         Spirit   .   (no helmet)
rElec    +         Reflect  .   (no cloak)
rCorr    .         Harm     .   (no gloves)
MR       .....                  (no boots)
Stlth    ..........             (no amulet)
HPRegen  0.09/turn              (no ring)
MPRegen  0.09/turn              (no ring)

@: no status effects
A: negative energy resistance 1, electricity resistance, unbreathing,
petrification resistance, rot immunity, AC +3
a: no special abilities


You were on level 2 of the Dungeon.
You were not hungry.

You visited 1 branch of the dungeon, and saw 2 of its levels.

You collected 44 gold pieces.

Inventory:

Hand Weapons
 a - a +0 war axe (weapon)
 h - a +0 spear
 p - a +0 trident
 r - a +0 mace
Missiles
 i - 14 poisoned needles
 j - 38 stones (quivered)
 k - 17 bolts
Armour
 b - a +0 scale mail (worn)
 c - a +0 shield (worn)
 g - a +1 chain mail of cold resistance
Scrolls
 m - a scroll of noise {unknown}
 n - a scroll of identify {unknown}
 q - a scroll of immolation {unknown}
 s - a scroll of teleportation {unknown}
Potions
 d - a potion of might
 e - a potion of agility {unknown}
 l - a potion of curing {unknown}
Comestibles
 f - a ration
 o - 8 chunks of flesh


   Skills:
 + Level 3.8 Fighting
 * Level 3.0 Axes
 + Level 3.9 Armour
 + Level 3.9 Shields


You had 3 spell levels left.
You didn't know any spells.
Your spell library was empty.

Dungeon Overview and Level Annotations

Branches:
Dungeon (2/15)

Altars:


Innate Abilities, Weirdness & Mutations

You are resistant to torment.
Your stone body is resilient. (AC +3)
You are immune to poison.
You resist negative energy. (rN+)
You are resistant to electric shocks. (rElec)
You can survive without breathing.
You are immune to petrification.
You are immune to rotting.


Message History

You block the gnoll's attack. The gnoll hits you but does no damage.
Your shield and scale mail prevent you from hitting the gnoll.
The gnoll is moderately wounded.
The gnoll hits you but does no damage. The gnoll closely misses you.
The gnoll hits you with a spear. The gnoll hits you but does no damage.
You closely miss the gnoll.
The gnoll is moderately wounded.
The gnoll hits you with a spear.
* * * LOW HITPOINT WARNING * * *
The gnoll hits you from afar with a spear.
* * * LOW HITPOINT WARNING * * *
You completely miss the gnoll.
The gnoll is moderately wounded.
You block the gnoll's attack. The gnoll hits you but does no damage.
You hit the gnoll but do no damage.
The gnoll is moderately wounded.
You block the gnoll's attack. The gnoll completely misses you.
The gnoll hits you but does no damage.
The gnoll hits you from afar with a spear.
You die...

#.# #.# #.# #.#
#.# #g# #g#
#@##### #
.......#....# ##
.#
...######.###.#
.# #.#.... ...
#.# .##.......
###. #.#
[...#....#######.
#.#
..#...#..##......
#.### #.#
###......####
#..># ..#
#........# ###.#


You could see 2 gnolls.

Vanquished Creatures
  Terence (D:2)
  2 adders (D:2)
  A gnoll (D:2)
  A worm (D:2)
  A dart slug (D:1)
  A leopard gecko (D:1)
  5 orcs (D:2)
  2 ball pythons
  A giant cockroach (D:1)
  3 goblins (D:1)
  2 hobgoblins
  A jackal (D:2)
  5 bats
  A frilled lizard (D:1)
  2 kobolds (D:1)
  3 rats
32 creatures vanquished.

Notes
Turn   | Place    | Note
-------+----------+-------------------------------------------
     0 | D:1      | Loudmushroom the Gargoyle Fighter began the quest for the
                  | Orb.
     0 | D:1      | Reached XP level 1. HP: 14/14 MP: 1/1
   224 | D:1      | Reached XP level 2. HP: 18/19 MP: 2/2
   610 | D:2      | Reached XP level 3. HP: 20/23 MP: 3/3
   658 | D:2      | Noticed Terence
   675 | D:2      | Killed Terence
   856 | D:2      | Reached XP level 4. HP: 29/29 MP: 4/4
  1048 | D:2      | Slain by a gnoll

Skill      XL: |  1  2  3  4 |
---------------+-------------+-----
Axes           | 2 3 |  3.0
Fighting       | |  3.8
Armour         | |  3.9
Shields        | |  3.9

Action                   |  1- 3 |  4- 6 || total
-------------------------+-------+-------++-------
Melee: War axe           |    78 |    44 ||   122
  Eat: Chunk             |       |     1 ||     1
Armor: Scale mail        |    36 |    34 ||    70
Dodge: Dodged            |    22 |    18 ||    40
Block: Shield            |    44 |    21 ||    65
